Map: [ESL] Glittering Ashes

Players

Bunny - Winner!

  • Race: Terran Terran

Trap

  • Race: Protoss Protoss

Event: IEM Katowice 2022

VOD

Have the link to the VOD?

Description

Time

  • Played on: Feb. 25, 2022, 7:09 a.m.
  • Length: 20:26

All games in this series

Show
View Real Time Build Order
Export as new Build Order

Bunny Terran - Winner!

Build Orders:  

Get SALT Encoding   

  12  0:00  SCV  
  13  0:12  SCV  
  14  0:17  Supply Depot  
  14  0:24  SCV  
  15  0:39  Barracks, SCV  
  16  0:45  Refinery  
  16  0:51  SCV  
  16  0:54  Refinery  
  17  1:03  SCV  
  18  1:15  SCV  
  19  1:26  Reaper  
  19  1:27  Orbital Command  
  19  1:30  Supply Depot  
  20  1:43  Factory  
  20  1:52  SCV  
  21  1:57  Bunker  
  21  2:04  SCV  
  22  2:16  SCV  
  23  2:22  Command Center  
  23  2:29  SCV, Barracks Reactor  
  24  2:34  Hellion  
  26  2:41  SCV  
  26  2:43  Supply Depot  
  27  2:53  Barracks, SCV  
  28  3:03  Factory Tech Lab  
  28  3:05  SCV  
  29  3:06  Marine x2  
  31  3:14  Barracks  
  31  3:19  SCV  
  32  3:26  Cyclone  
  36  3:35  SCV  
  36  3:37  Orbital Command  
  35  3:41  Barracks Tech Lab  
  35  3:44  Marine x2  
  35  3:48  SCV  
  38  4:00  SCV, Stimpack  
  38  4:01  Marine  
  41  4:03  Marine  
  41  4:04  Marine  
  41  4:07  SCV  
  43  4:12  SCV, Marine  
  43  4:16  Combat Shield  
  45  4:18  Marine  
  45  4:19  SCV  
  45  4:21  Marine  
  47  4:24  SCV  
  47  4:26  Starport  
  47  4:30  Supply Depot, Factory Reactor  
  48  4:32  SCV  
  48  4:36  SCV  
  50  4:40  Engineering Bay  
  50  4:42  Marine x2  
  50  4:44  SCV, Marine  
  54  4:51  SCV, Marine  
  56  4:55  Supply Depot  
  56  4:56  Supply Depot  
  56  4:59  SCV  
  57  5:00  Marine  
  57  5:02  Marine  
  57  5:04  SCV  
  57  5:05  Marauder  
  62  5:12  Refinery, Terran Infantry Weapons Level 1  
  62  5:17  SCV, Marauder  
  62  5:18  Medivac x2  
  62  5:20  Factory Reactor  
  69  5:22  SCV  
  69  5:26  Supply Depot  
  70  5:28  Supply Depot  
  70  5:31  SCV  
  70  5:34  SCV, Marauder  
  74  5:37  Concussive Shells  
  74  5:38  Marauder  
  74  5:41  Marine x2  
  78  5:47  Medivac  
  78  5:48  Supply Depot  
  78  5:49  Refinery  
  80  5:55  SCV x2  
  80  5:56  Medivac  
  84  5:59  Widow Mine  
  84  6:03  Widow Mine  
  86  6:04  Marine  
  86  6:05  Marine  
  86  6:07  Marauder  
  90  6:13  SCV x2  
  90  6:14  Supply Depot  
  92  6:27  SCV x2, Command Center  
  92  6:31  Supply Depot, Marauder  
  96  6:46  Marine x2, Marauder  
  96  6:49  Medivac x2  
  96  6:52  Marauder  
  100  6:55  Widow Mine  
  100  6:59  SCV x2  
  104  7:10  Missile Turret  
  104  7:13  SCV x2  
  106  7:19  Barracks  
  106  7:21  Barracks  
  106  7:27  Terran Infantry Armor Level 1  
  106  7:31  Widow Mine x2  
  106  7:35  Marauder  
  112  7:37  Marauder  
  112  7:42  Orbital Command  
  114  7:49  Marine x2  
  114  7:51  SCV x2  
  118  8:00  Widow Mine x2  
  118  8:01  Armory  
  118  8:02  Ghost Academy  
  121  8:06  Marauder x2  
  121  8:08  Barracks Reactor, Barracks Tech Lab, Orbital Command  
  121  8:12  Marine x2  
  125  8:17  Medivac  
  125  8:19  Supply Depot  
  129  8:25  Widow Mine x2  
  128  8:31  Ghost x3  
  130  8:34  SCV x2  
  130  8:35  SCV  
  130  8:41  Marine x2  
  135  8:51  Marine x2  
  135  8:53  Widow Mine x2  
  141  8:59  SCV  
  141  9:01  Supply Depot x2  
  141  9:12  Engineering Bay  
  141  9:13  Supply Depot  
  141  9:14  Refinery x2  
  141  9:22  Ghost x2, Marine x4  
  141  9:23  SCV x2, Marauder  
  153  9:30  SCV  
  148  9:34  Terran Infantry Weapons Level 2  
  148  9:35  SCV x2  
  148  9:43  SCV, Ghost  
  147  9:47  SCV x2  
  147  9:49  Marine x4  
  147  9:51  Ghost x2  
  157  9:57  Viking  
  157  9:58  Viking  
  159  10:01  SCV x2  
  159  10:02  SCV  
  162  10:10  Terran Infantry Armor Level 2  
  162  10:12  Command Center  
  162  10:20  Marauder x2  
  164  10:23  Marine, Marauder  
  164  10:27  Enhanced Shockwaves  
  165  10:36  Marine  
  165  10:37  Marine  
  165  10:39  Marine  
  164  10:43  Marauder  
  164  10:44  Marauder  
  164  10:45  Marine  
  164  10:47  Marine  
  164  10:49  SCV  
  165  10:51  SCV x2  
  165  10:59  Supply Depot  
  165  11:00  Supply Depot  
  165  11:10  Viking, Marine  
  165  11:20  Terran Ship Weapons Level 1, Ghost x3, Viking  
  161  11:29  Marine x2  
  161  11:30  Marine x2  
  153  11:40  Viking  
  150  11:48  Ghost x3  
  150  11:49  Marine x4  
  150  11:50  Viking  
  162  12:00  Barracks  
  162  12:01  Barracks  
  162  12:03  Barracks  
  162  12:04  SCV  
  162  12:05  SCV x2  
  162  12:06  Marine  
  148  12:17  Ghost  
  148  12:18  Marauder x2  
  148  12:20  Marine x3  
  153  12:24  Marine  
  153  12:26  Viking  
  153  12:28  Planetary Fortress  
  156  12:34  Viking  
  158  12:38  SCV x3  
  158  12:39  Marauder  
  158  12:40  Marine x2  
  158  12:41  Marine x2  
  167  12:46  Ghost  
  167  12:49  Missile Turret x2  
  167  12:50  Marine  
  172  12:53  Barracks Reactor, Barracks Tech Lab  
  172  12:55  Barracks Tech Lab  
  168  13:02  Viking  
  168  13:04  Viking  
  172  13:07  Ghost x2  
  172  13:12  Refinery  
  176  13:13  Refinery  
  176  13:14  Marine x2  
  168  13:27  Marine  
  168  13:28  Marauder x3  
  168  13:32  Marine x3  
  177  13:35  Marine x2  
  177  13:40  Viking x2  
  164  13:52  Marauder  
  164  13:53  Marauder, Marine  
  130  14:07  Marauder x3  
  130  14:08  Marine  
  130  14:09  Marine  
  130  14:10  Marine, Liberator x2  
  130  14:14  Marauder x2  
  130  14:15  SCV  
  130  14:16  SCV x2  
  130  14:17  SCV  
  142  14:30  Marauder x2  
  142  14:31  Marauder, Marine  
  146  14:32  Marine  
  146  14:34  Ghost  
  146  14:36  Marine x2  
  148  14:47  Ghost  
  148  14:48  Marine x2  
  148  14:51  SCV, Ghost  
  155  14:56  Missile Turret  
  155  15:01  Ghost  
  155  15:03  SCV  
  155  15:06  Ghost  
  131  15:14  Marine  
  131  15:17  Liberator x2  
  131  15:19  Ghost  
  131  15:26  Marine  
  131  15:27  Marine  
  132  15:29  Marine x2  
  134  15:36  Sensor Tower  
  134  15:42  Marauder x4  
  142  15:46  Marine x3  
  142  15:48  Marauder  
  147  16:04  Medivac x2  
  149  16:05  Command Center  
  149  16:09  Widow Mine x2  
  141  16:17  Ghost  
  143  16:25  Marauder x3, Marine x2  
  138  16:32  Marine x3  
  142  16:33  Marine  
  142  16:34  Marine  
  137  16:46  Marauder  
  139  16:51  Liberator x2  
  139  16:53  Ghost  
  146  17:01  Sensor Tower  
  146  17:03  Terran Infantry Armor Level 3  
  146  17:11  Ghost x2  
  143  17:34  Liberator x2, Marine x2, Marauder x3  
  143  17:35  Marine x2  
  147  17:37  Marine x2  
  147  17:41  Ghost  
  147  17:43  Marine  
  147  17:46  Widow Mine  
  147  17:53  Terran Ship Weapons Level 2  
  133  18:17  Liberator x2  
  127  18:20  Widow Mine x2  
  127  18:21  Marauder x2  
  127  18:22  Marine x4  
  127  18:23  Marine x2  
  127  18:25  Marine x2  
  141  18:29  Planetary Fortress  
  141  18:36  Sensor Tower  
  141  18:39  Missile Turret  
  141  18:43  Fusion Core  
  141  18:56  Missile Turret  
  141  18:58  Ghost x2  
  141  19:00  Ghost, Medivac x2  
  151  19:07  Missile Turret  
  150  19:16  Marauder  
  152  19:21  Marine  
  152  19:22  Marine x6  
  146  19:30  Liberator x2  
  147  19:33  Marauder x2, Marine  
  147  19:36  Marine  
  151  19:42  Marine  
  141  19:59  Marauder x3  
  141  20:07  Marine  
Show
View Real Time Build Order
Export as new Build Order

Trap Protoss 

Build Orders: 1 Gate Expand, Zealot Archon 

Get SALT Encoding   

  12  0:00  Probe  
  13  0:12  Probe  
  14  0:17  Pylon  
  14  0:24  Probe (Chrono Boost)  
  15  0:36  Gateway, Probe (Chrono Boost)  
  16  0:44  Probe (Chrono Boost)  
  16  0:47  Assimilator  
  17  0:50  Probe  
  18  1:03  Probe  
  19  1:15  Probe  
  20  1:22  Cybernetics Core  
  22  1:27  Pylon, Probe  
  23  1:44  Nexus  
  23  1:46  Probe  
  22  1:50  Assimilator  
  22  1:56  Stalker (Chrono Boost)  
  24  2:01  Probe  
  24  2:02  Warp Gate (Chrono Boost)  
  25  2:14  Probe  
  26  2:16  Stalker (Chrono Boost)  
  28  2:26  Probe  
  29  2:43  Gateway  
  30  2:47  Stalker  
  30  2:50  Gateway  
  31  2:56  Probe  
  31  2:57  Probe  
  33  3:00  Pylon  
  33  3:08  Probe  
  33  3:09  Probe  
  34  3:17  Adept  
  36  3:20  Probe  
  36  3:21  Probe  
  38  3:33  Probe (Chrono Boost)  
  40  3:34  Robotics Facility  
  40  3:37  Probe (Chrono Boost)  
  40  3:42  Probe (Chrono Boost)  
  40  3:46  Probe (Chrono Boost)  
  40  3:47  Probe (Chrono Boost)  
  43  3:56  Assimilator  
  43  3:59  Probe (Chrono Boost)  
  43  4:00  Twilight Council, Probe (Chrono Boost)  
  45  4:03  Adept  
  45  4:09  Probe (Chrono Boost)  
  48  4:11  Probe (Chrono Boost)  
  48  4:14  Pylon, Probe (Chrono Boost)  
  49  4:21  Assimilator  
  49  4:22  Observer  
  51  4:26  Probe x2 (Chrono Boost)  
  52  4:32  Probe (Chrono Boost)  
  52  4:33  Sentry  
  52  4:34  Sentry, Stalker, Probe (Chrono Boost)  
  52  4:35  Charge  
  60  4:40  Probe  
  60  4:44  Pylon, Observer  
  62  4:56  Pylon  
  62  5:01  Warp Prism (Chrono Boost)  
  62  5:02  Probe  
  62  5:06  Templar Archives  
  65  5:10  Gateway  
  65  5:13  Gateway  
  65  5:14  Gateway  
  65  5:19  Psionic Storm  
  65  5:28  Zealot x3  
  71  5:34  Immortal  
  74  5:49  Pylon  
  74  5:51  Pylon  
  74  5:52  Shield Battery  
  74  6:08  Nexus  
  74  6:09  Pylon  
  74  6:11  High Templar x3  
  74  6:15  Probe x2  
  74  6:17  Observer  
  82  6:27  Shield Battery  
  82  6:29  Zealot x3  
  89  6:44  Robotics Facility, Probe x2  
  85  6:48  High Templar  
  85  6:59  Pylon x2  
  85  7:01  Pylon  
  85  7:03  Gateway  
  85  7:04  Forge  
  85  7:07  Pylon, Gateway  
  85  7:20  High Templar  
  85  7:21  Nexus, High Templar x2, Observer  
  85  7:22  Zealot x2  
  95  7:24  Zealot  
  95  7:27  Archon  
  97  7:30  Pylon  
  97  7:33  Blink (Chrono Boost)  
  97  7:39  Probe x2  
  99  7:44  Pylon  
  99  7:50  Shield Battery  
  97  7:54  Zealot  
  97  7:55  Zealot  
  97  7:56  Zealot  
  103  8:00  Probe x2  
  105  8:09  Protoss Ground Weapons Level 1 (Chrono Boost)  
  105  8:11  Zealot x2  
  105  8:12  Zealot  
  109  8:30  Archon  
  109  8:33  High Templar x2  
  113  8:34  Probe x2  
  113  8:35  Probe  
  113  8:36  Photon Cannon  
  113  8:37  Observer (Chrono Boost)  
  117  8:42  Stalker x2  
  117  8:46  Probe x2  
  117  8:47  Probe  
  124  8:59  Zealot x4  
  124  9:01  Pylon  
  132  9:11  Robotics Facility  
  132  9:13  Robotics Bay  
  132  9:15  Probe x3  
  134  9:18  Assimilator  
  134  9:20  Assimilator  
  134  9:21  Pylon  
  134  9:26  Observer  
  135  9:32  Photon Cannon  
  135  9:33  Zealot x3  
  131  9:46  Shield Battery  
  131  9:49  Probe x3  
  128  9:58  Stalker x5  
  131  10:06  Colossus (Chrono Boost)  
  131  10:13  Probe x2  
  139  10:19  Colossus (Chrono Boost)  
  142  10:34  Pylon  
  142  10:35  Pylon  
  120  10:50  Extended Thermal Lance  
  120  10:51  Probe x2  
  120  10:52  Probe  
  120  10:57  Stalker x3  
  120  10:58  Stalker  
  120  11:00  Stalker  
  120  11:02  Observer (Chrono Boost)  
  131  11:06  Archon  
  126  11:14  Zealot x3  
  132  11:25  Warp Prism (Chrono Boost)  
  129  11:26  Probe  
  129  11:27  Observer, Probe x2, Disruptor (Chrono Boost)  
  129  11:29  Pylon  
  136  11:37  Archon, Protoss Ground Weapons Level 2 (Chrono Boost)  
  130  11:53  High Templar x4  
  138  11:54  Nexus  
  138  11:59  Disruptor  
  138  12:00  Disruptor  
  144  12:03  Pylon  
  144  12:10  Photon Cannon  
  131  12:29  Probe x3  
  134  12:31  High Templar  
  134  12:35  Nexus, Disruptor x2  
  142  12:41  Probe x2  
  144  12:47  Zealot x3  
  144  12:49  Zealot  
  152  12:57  Probe  
  152  12:58  Probe x2  
  152  13:06  Observer  
  152  13:11  Stalker x2, Disruptor x2  
  151  13:29  Stalker x2  
  148  13:46  Disruptor (Chrono Boost)  
  148  13:47  Disruptor (Chrono Boost)  
  138  13:52  Zealot x2  
  138  13:53  Zealot x2  
  101  14:02  Archon  
  101  14:03  Stalker x2  
  101  14:04  Stalker x2  
  104  14:16  Nexus  
  102  14:19  Disruptor (Chrono Boost)  
  102  14:21  High Templar x2, Zealot, Observer (Chrono Boost)  
  102  14:22  Zealot  
  114  14:30  Zealot x2  
  118  14:37  Observer  
  119  14:39  Probe x3  
  122  14:48  Stalker x3  
  122  14:51  Protoss Ground Weapons Level 3 (Chrono Boost)  
  127  14:59  Observer  
  122  15:07  Zealot  
  122  15:08  Zealot  
  103  15:22  Zealot  
  103  15:23  Zealot x3  
  109  15:30  High Templar x2, Archon  
  109  15:31  Zealot  
  109  15:34  Probe x2  
  117  15:36  Probe x2  
  117  15:42  Archon  
  119  15:45  Warp Prism (Chrono Boost)  
  119  15:46  Probe  
  119  15:49  Observer (Chrono Boost)  
  117  16:06  Stalker  
  117  16:07  Stalker x2  
  121  16:14  Zealot  
  111  16:27  Stalker x3  
  111  16:28  Stalker  
  111  16:32  Probe x4  
  123  16:34  Disruptor (Chrono Boost)  
  123  16:39  Disruptor (Chrono Boost)  
  126  16:44  Probe  
  130  16:48  Zealot  
  132  16:55  Probe x3  
  132  16:56  Pylon, Probe  
  136  17:03  Disruptor  
  136  17:06  Zealot  
  141  17:15  Photon Cannon  
  141  17:16  Zealot x3  
  141  17:20  Zealot  
  147  17:26  Protoss Ground Armor Level 1, Observer  
  129  17:41  Stalker x3  
  129  17:42  Stalker, Zealot  
  134  17:56  Zealot x3  
  137  17:59  Disruptor (Chrono Boost)  
  112  18:21  Observer  
  112  18:25  Nexus  
  109  18:31  Warp Prism (Chrono Boost), Colossus (Chrono Boost), Assimilator  
  109  18:32  Assimilator  
  117  18:44  Zealot  
  118  18:48  Zealot x3  
  118  18:49  Stalker x2  
  118  18:51  Stalker  
  130  19:00  Pylon  
  130  19:06  Disruptor (Chrono Boost)  
  112  19:28  Stalker x2  
  112  19:29  Stalker, Zealot x5  
  81  19:58  Zealot x3  
  81  19:59  Stalker x2  

Tags
 
Add a new tag
Caveats
  • Supply blocks, unpowered buildings, or Contaminate may cause inaccurate times.
  • Supply counts are checked every 10 seconds.